 Dungeon Crawl Stone Soup version 0.30-a0-56-ge6a4009bfd (webtiles) character file.

Game seed: 17271925659301448510

5015 ytrimaz the Covert (level 10, -3/69 HPs)
             Began as an Octopode Transmuter on Sept 10, 2022.
             Was an Initiate of Ashenzari.
             Slain by an orc
             ... wielding a +0 war axe
              (11 damage)
             ... on level 10 of the Dungeon.
             The game lasted 00:14:42 (8969 turns).

ytrimaz the Covert (Octopode Transmuter)            Turns: 8969, Time: 00:14:43

Health: -3/69      AC:  8    Str:  9    XL:     10   Next: 54%
Magic:  17/20      EV: 14    Int: 19    God:    Ashenzari [......]
Gold:   942        SH:  0    Dex: 14    Spells: 12/22 levels left

rFire   x . .      SeeInvis .      - Unarmed
rCold   + + +      Faith    .    (shield currently unavailable)
rNeg    . . .      Spirit   .    (helmet currently unavailable)
rPois   +          Reflect  .    b - amulet of regeneration
rElec   .          Harm     .    d - ring of wizardry
rCorr   .          Rampage  .    i - +4 ring of evasion
Will    .....                    (no ring)
Stlth   ++++......               (no ring)
HPRegen 1.01/turn                (no ring)
MPRegen 0.17/turn                (no ring)
                                 (no ring)
                                 (no ring)

@: ice-form, wereblooded (expiring)
A: freezing attack, boosted hp, almost no armour, amphibious, 8 rings, large,
(camouflage 1), (gelatinous body 1), (nimble swimmer 1), (tentacles)
a: End Transformation, Renounce Religion, Curse Item


You were on level 10 of the Dungeon.
You worshipped Ashenzari.
Ashenzari was noncommittal.
You were a creature of crystalline ice.
You visited 2 branches of the dungeon, and saw 12 of its levels.
You also visited: Bailey.

You collected 1050 gold pieces.
You spent 108 gold pieces at shops.


Innate Abilities, Weirdness & Mutations

You are a creature of crystalline ice.
You have a powerful freezing melee attack.
Your maximum health is increased.
Your armour is entirely melded.
You are incapable of wielding weapons or throwing items.
You cannot wear most types of armour.
You are amphibious.
You can wear up to eight rings at the same time.
((Your skin changes colour to match your surroundings (Stealth+).))
((Your rubbery body absorbs attacks. (AC +1, EV +1)))
((You are camouflaged when in or above water. (Stealth+)))
((You have tentacles for arms and can constrict up to eight enemies at once.))


   Skills:
 - Level 1.0 Fighting
 - Level 2.0 Dodging
 - Level 10.0 Stealth
 + Level 7.0 Unarmed Combat
 + Level 6.7 Spellcasting
 + Level 8.2 Transmutations
 - Level 4.0 Ice Magic
 - Level 4.0 Poison Magic


You had 12 spell levels left.
You knew the following spells:

 Your Spells              Type           Power      Damage    Failure   Level
a - Beastly Appendage     Tmut           74%        N/A       1%          1
b - Wereblood             Tmut           37%        N/A       1%          2
c - Spider Form           Tmut/Pois      29%        N/A       1%          3
d - Ice Form              Ice/Tmut       29%        N/A       3%          4

Your spell library contained the following spells:

 Spells                   Type           Power      Damage    Failure   Level
 Sublimation of Blood     Necr           6%         N/A       6%          2
 Summon Hydra             Summ           3%         N/A       100%        7

Inventory:

Missiles
 c - 3 throwing nets
 n - 4 datura-tipped darts
 o - an atropa-tipped dart
 t - 11 poisoned darts (quivered)
Jewellery
 b - an amulet of regeneration (around neck)
   (You found it on level 1 of the Dungeon)
 d - a ring of wizardry (left front paw)
   (You found it on level 1 of the Dungeon)
 i - a +4 ring of evasion (right front paw)
   (You found it on level 2 of the Dungeon)
Wands
 m - a wand of acid (3)
   (You found it on level 6 of the Dungeon)
Scrolls
 e - a scroll of silence
 g - a scroll of amnesia
 k - 2 scrolls of enchant weapon
 q - a scroll of brand weapon
 r - a scroll of magic mapping {unknown}
Potions
 a - 3 potions of haste
 f - 3 potions of curing
 h - 2 potions of heal wounds
 j - 4 potions of ambrosia
 l - a potion of attraction
Miscellaneous
 p - a box of beasts
   (You found it in a bailey)

Dungeon Overview and Level Annotations

Branches:
Dungeon (12/15) Zot: 26952  Temple (1/1) D:5 Zot: 5873     Orc (0/2) D:10
 Bailey (visited)
   Lair: D:8-11

Altars:
Ashenzari
Cheibriados
Dithmenos
Fedhas
Gozag
Hepliaklqana
Kikubaaqudgha
Makhleb
Okawaru
Qazlal
Ru
Sif Muna
Trog
Uskayaw
Vehumet
Wu Jian
Xom
Yredelemnul
Zin
The Shining One

Shops:
D:2 (   D:5 (*(= D:6

*
##.#.#o#.#.#.....#
#.#o. oo#.#.#.#.#.
.##.o. o.#...#.#.
...o. ..o....
##8o8#####8'8#
#...o..8......
#....B..o.....
#...⌠.o_..⌠...
#..[ooYo......
#.....o>......
##############


You could see a boulder beetle, 2 orc warriors, an orc priest, an orc wizard
(wandering, strong) and 7 orcs.


Message History

😕 HP[-1]
You take 1 damage, and now have 68/69 hp.
You hit the orc. You freeze the orc.
You feel a bit better.
You kill the orc! 😎 HP[+1]
Your hp is fully restored (69).
You punch the orc! You freeze the orc.
You kill the orc!
An orc knight comes into view. It is wielding a +0 war axe.
You hit the orc knight but do no damage.
An orc comes into view. It is wielding a +0 trident.
The orc knight hits you with a +0 war axe! 😕 HP[-9]
You take 9 damage, and now have 60/69 hp.
You closely miss the orc knight.
An orc warrior comes into view. It is wielding a +0 mace.
The orc knight hits you with a +0 war axe! 😕 HP[-7] MP[+1]
You take 7 damage, and now have 53/69 hp.
The orc warrior shouts!
You hit the orc knight but do no damage.
You hear a shout!
You hear a roar!
The orc knight roars a battlecry!
The orcs go into a battle-frenzy!
You hear a shout! x4 😕 HP[+1]
You punch the orc knight! You freeze the orc knight.
The orc knight closely misses you.
An orc warrior comes into view.
It is wielding a +0 long sword. 😕 HP[+1]
You punch the orc knight! You freeze the orc knight.
You hear a shout! x3
The orc knight roars a battlecry!
The orc warrior goes into a battle-frenzy!
You hear a roar! 😕 HP[+1]
You hit the orc knight. You freeze the orc knight.
You hear a shout! 😕 HP[+1]
You hit the orc knight but do no damage.
An orc comes into view. It is wielding a +0 whip.
The orc knight hits you with a +0 war axe!!
The orc warrior grunts noisily.
You hear a shout! x2 😮 HP[-17]
You take 17 damage, and now have 40/69 hp.
MASSIVE DAMAGE!! (PAUSE)
You hit the orc knight but do no damage.
The orc knight hits you with a +0 war axe!!
* * * LOW HITPOINT WARNING * * *
😱 HP[-29]
You take 29 damage, and now have 11/69 hp.
MASSIVE DAMAGE!! (PAUSE) Unknown command.
Okay, then.
You feel much better.
You howl as the wereblood boils in your veins!
The wraith barely misses you.
An orc comes into view. It is wielding a +0 club.
An orc priest comes into view. It is wielding a +0 mace.
The orc knight roars a battlecry!
The orcs go into a battle-frenzy!
An orc comes into view. It is wielding a +0 flail.
The orc shouts! 😨 HP[+19] MP[+1]
You regained 19 hp, and now have 30/69 hp.
Unknown command.
The orc attacks as you move away! The orc misses you. x2
You see here a +3 vorpal hand axe. 😨 HP[+1] Unknown command.
As you read the scroll of teleportation, it crumbles to dust.
You feel strangely unstable. The wraith closely misses you. 😨 HP[+2]
You regained 2 hp, and now have 33/69 hp. 😨 HP[+1] Unknown command.
You hear a shout! x2; You hear a roar!
You see here a +0 flail. 😮 HP[+1]
The wraith attacks as you move away! The wraith hits you!
* * * LOW HITPOINT WARNING * * *
😨 HP[-10]
You take 10 damage, and now have 25/69 hp.
Unknown command.
The wraith attacks as you move away! The wraith hits you but does no damage.
Your surroundings suddenly seem different.
An orc priest, 2 orc warriors, a boulder beetle and 7 orcs come into view.
Found a runed hat.
Found a roughly hewn altar of Beogh.
Found a staircase to the Orcish Mines.
Your primal bloodlust is almost over.
The orc shouts! x3 😨 HP[+1] MP[+1]
The orc warrior attacks as you move away!
The orc warrior hits you with a +0 battleaxe!!
* * * LOW HITPOINT WARNING * * *
An orc wizard comes into view. It is wielding a +0 dagger.
The orc hits you with a +0 war axe!
You die...

Skill      XL: |  1  2  3  4  5  6  7  8  9 10 |
---------------+-------------------------------+-----
Stealth        | 2 3 4 5 7 8 9 10 | 10.0
Poison Magic   | 1 3 4 |  4.0
Ice Magic      | 2 4 |  4.0
Transmutations | 3 5 7 8 |  8.2
Spellcasting   | 3 5 6 |  6.7
Unarmed Combat | 5 7 |  7.0
Fighting       | |  1.0
Dodging        | |  2.0

Action                   |  1- 3 |  4- 6 |  7- 9 | 10-12 || total
-------------------------+-------+-------+-------+-------++-------
Melee: Unarmed           |    80 |   133 |   272 |    88 ||   573
       Constrict         |    18 |     8 |     1 |       ||    27
       Tentacles         |    12 |     7 |     1 |       ||    20
       Kick              |     8 |     1 |       |       ||     9
       Punch             |     1 |     2 |       |       ||     3
Throw: Dart              |       |       |       |     4 ||     4
 Cast: Beastly Appendage |     9 |     2 |       |       ||    11
       Spider Form       |     4 |    17 |     3 |     1 ||    25
       Wereblood         |       |     2 |    12 |     2 ||    16
       Ice Form          |       |       |    31 |     7 ||    38
  Use: Scroll            |     3 |     4 |     9 |     2 ||    18
       Potion            |       |     3 |     5 |     1 ||     9
 Stab: Sleeping          |     8 |     5 |     5 |       ||    18
Armor: Skin              |     6 |    17 |    89 |    24 ||   136
Dodge: Dodged            |    58 |   117 |   240 |    61 ||   476

Levels and vault maps discovered:
D:1:      shiori_arrival_elements, layout_basic, chequers_serial_rivers_large_b
D:2:      layout_loops_ring, serial_shops, nicolae_shop_statue_plus
D:3:      layout_basic, mainiacjoe_overflow_boulevard,
          chequers_serial_rivers_small_3, kennysheep_generic_room_10
D:4:      cheibrodos_barr_body, layout_basic, uniq_sigmund
D:5:      minmay_skewed_foursquare, layout_cave_pools,
          minmay_temple_entry_stoned_glass, serial_shops, shop,
          nicolae_shop_waterfront, nicolae_shop_trees, nicolae_shop_trees,
          lemuel_flamethrower_2, uniq_duvessa
D:6:      layout_basic, serial_curves, eino_curves_03, eino_curves_04,
          nicolae_elemental_shop, wad_woods_river_04
D:7:      layout_loops_ring, lemuel_tele_altar
D:8:      cheibrodos_two_vegetables, layout_loops_ring,
          nemelex_spade_bored_becter, grunt_lair_entry_orc_guard_hut,
          enter_bailey_2, st_stairs_4
D:10:     layout_basic, mainiacjoe_overflow_catwalk, david_orc_5,
          hellmonk_ghost_happy_afterlife
D:11:     layout_stronghold
D:12:     layout_loops_ring, serial_shops, shop, uniq_nessos
Temple:   dpeg_three_leaves_temple

Notes
Turn   | Place    | Note
-------+----------+-------------------------------------------
     0 | D:1      | ytrimaz the Octopode Transmuter began the quest for the
                  | Orb.
     0 | D:1      | Reached XP level 1. HP: 13/13 MP: 3/3
     0 | D:1      | magus.rc [v1.9.6]
   345 | D:1      | Reached skill level 1 in Stealth
   466 | D:1      | Reached skill level 2 in Stealth
   474 | D:1      | Reached XP level 2. HP: 12/18 MP: 5/5
   798 | D:1      | Learned a level 2 spell: Wereblood
  1426 | D:2      | Found Hutotifa's Antique Weapon Shop.
  1449 | D:2      | Reached skill level 3 in Stealth
  1589 | D:2      | Reached XP level 3. HP: 23/23 MP: 6/6
  1593 | D:2      | Learned a level 3 spell: Spider Form
  1689 | D:2      | Reached skill level 4 in Stealth
  1805 | D:2      | Reached skill level 1 in Poison Magic
  2278 | D:3      | Found a sacrificial altar of Ru.
  2532 | D:3      | Reached XP level 4. HP: 28/28 MP: 5/7
  2960 | D:3      | Reached skill level 2 in Poison Magic
  3566 | D:4      | Noticed a necrophage
  3607 | D:4      | Killed a necrophage
  3608 | D:4      | Reached skill level 5 in Stealth
  3608 | D:4      | Reached skill level 3 in Poison Magic
  3608 | D:4      | Reached XP level 5. HP: 32/33 MP: 5/8
  3670 | D:4      | Noticed Sigmund
  3822 | D:4      | Reached skill level 6 in Stealth
  3822 | D:4      | Reached skill level 4 in Poison Magic
  3835 | D:4      | Noticed an ogre
  3845 | D:4      | Killed an ogre
  3846 | D:4      | Reached skill level 7 in Stealth
  3846 | D:4      | Reached XP level 6. HP: 38/38 MP: 2/9
  3861 | D:4      | Reached skill level 8 in Stealth
  3942 | D:4      | Noticed a black bear
  3954 | D:4      | HP: 9/38 [black bear (2)]
  3962 | D:4      | Killed a black bear
  3963 | D:4      | Reached XP level 7. HP: 29/43 MP: 3/10
  3966 | D:4      | Reached skill level 9 in Stealth
  4144 | D:4      | Learned a level 4 spell: Ice Form
  4375 | D:4      | Killed Sigmund
  4376 | D:4      | Reached skill level 1 in Ice Magic
  4775 | D:5      | Entered Level 5 of the Dungeon
  4820 | D:5      | Noticed Duvessa
  4852 | D:5      | Noticed Dowan
  4855 | D:5      | HP: 9/42 [orc/+0 club (5)]
  4864 | D:5      | Killed Duvessa
  4865 | D:5      | Reached skill level 3 in Transmutations
  4865 | D:5      | Reached skill level 2 in Ice Magic
  4868 | D:5      | Killed Dowan
  4868 | D:5      | HP: 15/62 [centaur (3)]
  4870 | D:5      | Reached XP level 8. HP: 15/47 MP: 6/11
  4873 | D:5      | Reached skill level 10 in Stealth
  4911 | D:5      | Found Weupn's Assorted Antiques.
  4925 | D:5      | Found a staircase to the Ecumenical Temple.
  4935 | D:5      | Bought a scroll labelled HEUMAUFIAG for 27 gold pieces
  4935 | D:5      | Bought a scroll labelled NASHAD SANWEQ for 27 gold pieces
  4935 | D:5      | Bought a scroll of identify for 54 gold pieces
  4948 | D:5      | Reached skill level 3 in Ice Magic
  4953 | Temple   | Entered the Ecumenical Temple
  5174 | D:5      | Reached skill level 4 in Transmutations
  5294 | D:5      | Reached skill level 4 in Ice Magic
  5303 | D:5      | Reached skill level 3 in Spellcasting
  5303 | D:5      | Reached skill level 5 in Transmutations
  5484 | D:5      | Found Rivoduaw's Antique Weapon Shoppe.
  5654 | D:5      | Found Zimn's Jewellery Boutique.
  5656 | D:5      | Found Soruh's Antique Weapon Shop.
  6080 | D:6      | Reached XP level 9. HP: 53/53 MP: 10/14
  6335 | D:6      | Found Goutug's Elemental Accessories.
  6819 | D:6      | Reached skill level 4 in Spellcasting
  7001 | D:7      | Reached skill level 4 in Unarmed Combat
  7050 | D:7      | Reached skill level 6 in Transmutations
  7413 | D:7      | Found a broken altar of Ashenzari.
  7546 | D:7      | Became a worshipper of Ashenzari the Shackled
  7812 | D:7      | Reached skill level 5 in Spellcasting
  7870 | D:7      | Reached skill level 5 in Unarmed Combat
  8021 | D:8      | Reached skill level 7 in Transmutations
  8069 | D:8      | Found a flagged portal.
  8089 | Bailey   | Entered a bailey
  8231 | Bailey   | Reached XP level 10. HP: 41/58 MP: 8/18
  8237 | Bailey   | Reached skill level 6 in Unarmed Combat
  8337 | Bailey   | Reached skill level 6 in Spellcasting
  8378 | Bailey   | Found a burning altar of Makhleb.
  8453 | D:8      | You pick up a book of Blood and begin reading...
  8453 | D:8      | You add the spells Sublimation of Blood and Summon Hydra to
                  | your library.
  8468 | D:8      | Reached skill level 8 in Transmutations
  8863 | D:8      | You fall into a shaft and drop 3 floors!
  8864 | D:11     | Noticed a two-headed ogre
  8878 | D:11     | Noticed a gargoyle
  8882 | D:12     | Noticed a two-headed ogre
  8920 | D:10     | Entered Level 10 of the Dungeon
  8932 | D:10     | Reached skill level 7 in Unarmed Combat
  8953 | D:10     | Noticed an orc knight
  8961 | D:10     | HP: 11/69 [orc knight/+0 war axe (29)]
  8968 | D:10     | Found a staircase to the Orcish Mines.
  8968 | D:10     | Noticed a boulder beetle
  8969 | D:10     | HP: 7/69 [orc warrior/+0 battleaxe (19)]
  8969 | D:10     | Slain by an orc

Vanquished Creatures
  A troll (D:8)
  Sigmund (D:4)
  A steam dragon (D:7)
  Duvessa (D:5)
  A water moccasin (D:7)
  A black bear (D:4)
  2 ice beasts
  3 sky beasts
  7 orc warriors
  An ogre (D:4)
  2 centaurs (D:5)
  2 phantoms
  6 kobold brigands
  2 necrophages
  A bullfrog (D:8)
  3 scorpions
  4 wights
  Dowan (D:5)
  3 killer bees (D:10)
  3 hounds
  3 jellies
  5 orc priests
  3 iguanas
  11 orc wizards
  6 gnolls
  4 adders
  A shadow imp (D:8)
  A white imp (D:7)
  3 ufetubi
  3 dart slugs
  23 orcs
  7 bats
  6 endoplasms
  2 giant cockroaches (D:2)
  5 goblins
  8 hobgoblins
  5 jackals
  4 quokkas
  5 ball pythons
  3 frilled lizards
  25 kobolds
  4 rats
183 creatures vanquished.

Vanquished Creatures (collateral kills)
  4 orc warriors (Bailey)
  4 kobold brigands (Bailey)
8 creatures vanquished.

Vanquished Creatures (others)
  An orc (D:5)
1 creature vanquished.

Grand Total: 192 creatures vanquished

Table legend:
 A = Non-vault XP
 B = Vault XP
 C = Vault XP percentage of total XP
 D = Non-vault monster count
 E = Vault monster count
 F = Vault count percentage of total count
                 A         B        C        D         E       F
            +---------+---------+-------+---------+---------+-------
      Total |    4271 |    2894 |  40.4 |     143 |      48 |  25.1
            +---------+---------+-------+---------+---------+-------
        D:1 |      14 |       0 |   0.0 |       8 |       0 |   0.0
        D:2 |      58 |       0 |   0.0 |      20 |       0 |   0.0
        D:3 |      38 |       0 |   0.0 |      14 |       0 |   0.0
        D:4 |     133 |     716 |  84.3 |      18 |      16 |  47.1
        D:5 |     883 |     307 |  25.8 |      22 |       5 |  18.5
        D:6 |     450 |       0 |   0.0 |       7 |       0 |   0.0
        D:7 |    1306 |       0 |   0.0 |      28 |       0 |   0.0
        D:8 |    1204 |      46 |   3.7 |      23 |       3 |  11.5
       D:10 |     185 |       9 |   4.6 |       3 |       3 |  50.0
     Bailey |       0 |    1816 | 100.0 |       0 |      21 | 100.0
            +---------+---------+-------+---------+---------+-------

Illustrated notes

Table legend:
 A = Kills in this place as a percentage of kills in entire the game.
 B = Kills by you in this place as a percentage of kills by you in the entire game.
 C = Kills by friends in this place as a percentage of kills by friends in the entire game.
 D = Other kills in this place as a percentage of other kills in the entire game.
 E = Experience gained in this place as a percentage of experience gained in the entire game.
 F = Experience gained in this place divided by the number of levels of this place that you have seen.
                   A       B       C       D       E      F
               +-------+-------+-------+-------+-------+----------------------
         Total | 100.0 | 100.0 | 100.0 |   N/A | 100.0 | 551.2
       Dungeon |  89.0 |  92.9 |   0.0 |   N/A |  74.7 | 486.3
        Bailey |  11.0 |   7.1 | 100.0 |   N/A |  25.3 | 1816.0
               +-------+-------+-------+-------+-------+----------------------

Table legend: (Time is in decaauts)
 A = Elapsed time spent in this place.
 B = Non-inter-level travel time spent in this place.
 C = Inter-level travel time spent in this place.
 D = Time resting spent in this place.
 E = Time spent auto-exploring this place.
 F = Levels seen in this place.
 G = Mean time per level.
                   A        B        C        D        E       F      G
               +--------+--------+--------+--------+--------+-----+--------+
         Total |   8917 |   8526 |    391 |    397 |   6307 |  13 |  685.9 |
       Dungeon |   8449 |   8071 |    378 |    348 |   6145 |  11 |  768.1 |
        Temple |    126 |    113 |     13 |      0 |     95 |   1 |  126.0 |
        Bailey |    341 |    341 |      0 |     49 |     67 |   1 |  341.0 |
               +--------+--------+--------+--------+--------+-----+--------+

Top non-repeatable levels by time:
     D:4: 1552 daAuts
     D:1: 1471 daAuts
     D:6: 1137 daAuts
     D:7: 1063 daAuts
     D:3: 1040 daAuts
     D:5: 841 daAuts
     D:2: 787 daAuts
     D:8: 452 daAuts
  Bailey: 341 daAuts
  Temple: 126 daAuts
    D:10: 46 daAuts
    D:12: 32 daAuts
    D:11: 23 daAuts
